 Dungeon Crawl Stone Soup version 0.15-a0-1619-g29500c9 (webtiles) character file.

67 Crauler the Insei (level 3, -2/28 HPs)
             Began as a Demigod Transmuter on June 20, 2014.
             Slain by a hound (5 damage)
             ... on Level 2 of the Dungeon.
             The game lasted 00:07:12 (2684 turns).

Crauler the Insei (Demigod Transmuter)              Turns: 2684, Time: 00:07:13

HP  -2/28        AC  7     Str 13      XL: 3   Next: 72%
MP   7/8         EV  7     Int 18      God:
Gold 9           SH  0     Dex 17      Spells:  2 memorised,  2 levels left

rFire  . . .     SeeInvis .       - Unarmed
rCold  . . .     Clarity  .     s - +0 scale mail
rNeg   . . .     rCorr    .     (no shield)
rPois  .         rRot     .     l - +0 helmet
rElec  .         Spirit   .     (no cloak)
SustAb .         Warding  .     (no gloves)
rMut   .         Stasis   .     (no boots)
Gourm  .                        (no amulet)
MR     .....                    (no ring)
                                (no ring)

@: very slightly contaminated, not resistant to hostile enchantments, extremely
unstealthy
A: no striking features
a: no special abilities


You were on level 2 of the Dungeon.
You were very hungry.

You visited 1 branch of the dungeon, and saw 3 of its levels.

You collected 9 gold pieces.

Inventory:

Missiles
 b - 12 arrows
Armour
 c - a +0 robe
 k - a +0 leather armour
 l - a +0 helmet (worn)
 r - a +0 ring mail
 s - a +0 scale mail (worn)
 t - a +0 plate armour
Comestibles
 a - a bread ration
Scrolls
 e - 2 scrolls of recharging {unknown}
 f - 2 scrolls of remove curse {unknown}
 j - 2 scrolls of identify {unknown}
 m - 2 scrolls of amnesia {unknown}
 p - a scroll of fog {unknown}
 q - a scroll of teleportation {unknown}
 u - a scroll of immolation {unknown}
Potions
 g - a potion of confusion {unknown}
 h - 2 potions of brilliance {unknown}
 i - a potion of agility {unknown}
 n - a potion of flight {unknown}
 o - a potion of curing {unknown}
 v - 3 potions of paralysis {unknown}
 w - a potion of poison {unknown}
Books
 d - a book of Changes

   Spells                             Type                      Level
   *Beastly Appendage                 Transmutation                1
   Sticks to Snakes                   Transmutation                2
   *Spider Form                       Transmutation/Poison         3
   Ice Form                           Ice/Transmutation            4
   Blade Hands                        Transmutation                5


   Skills:
 + Level 1.4 Fighting
 * Level 0.0 Armour
 + Level 2.8 Dodging
 * Level 2.9 Unarmed Combat
 + Level 2.0 Spellcasting
 * Level 2.4 Transmutations


You had 2 spell levels left.
You knew the following spells:

 Your Spells              Type           Power        Failure   Level  Hunger
a - Beastly Appendage     Trmt           ##....       54%         1    #......
b - Spider Form           Trmt/Pois      #.........   99%         3    ####...


Dungeon Overview and Level Annotations

Branches:
Dungeon (3/15)


Message History

The hound bites you but does no damage.
You completely miss the hound.
The hound is lightly wounded.
The hound barely misses you.
You miss the hound.
The hound is lightly wounded.
The hound bites you.
* * * LOW HITPOINT WARNING * * *
You hit the hound.
The hound is moderately wounded.
The hound bites you.
* * * LOW HITPOINT WARNING * * *
The hound bites you but does no damage.
You hit the hound.
The hound is heavily wounded.
The hound barely misses you.
You hit the hound.
The hound is severely wounded.
The hound bites you but does no damage. The hound bites you.
You die...

############################.##
...#.############# #.#
##.#.............# #.#
#.#.###########.# #.#
##.#...........#.###########.#
.................>.........#.#
##.#...####...<#l########.##.#
#.#...# #(...#h# #.##.#
#.#...####..###@# #.##.#
#.#.............# #.##.#
#.#.#.##################.##.#
#.#.........................#
#.###.##################.####
##(# #.# #.# (.(# #.# #.# ####
#.# #.#
#####.##################.####


You could see a hound and a giant newt.

Vanquished Creatures
  2 adders (D:2)
  An ooze (D:2)
  8 bats
  A giant cockroach (D:2)
  8 goblins
  4 hobgoblins
  A quokka (D:2)
  A ball python (D:1)
  3 giant geckos
  5 giant newts
  8 kobolds
  6 rats
  A fungus (D:1)
49 creatures vanquished.

Notes
Turn   | Place    | Note
--------------------------------------------------------------
     0 | D:1      | Crauler, the Demigod Transmuter, began the quest for the Orb.
     0 | D:1      | Reached XP level 1. HP: 15/15 MP: 3/3
   195 | D:1      | Reached skill level 1 in Fighting
   308 | D:1      | Reached XP level 2. HP: 10/23 MP: 4/4
   763 | D:1      | Found a shattered altar of Ashenzari.
  1650 | D:2      | Reached XP level 3. HP: 18/28 MP: 8/8
  1655 | D:2      | Learned a level 3 spell: Spider Form
  2684 | D:2      | Slain by a hound

Action                   || total
-------------------------++-------
Melee: Unarmed           ||   216
 Stab: Sleeping          ||     2
